[Event "Early-Titled-Tuesday-Blitz-May-14-2024"]
[Site "Chess.com"]
[Date "2024.05.14"]
[Round "5"]
[White "IvanMorovic"]
[Black "Raud100"]
[Result "1-0"]
[WhiteElo "2573"]
[BlackElo "2364"]
[TimeControl "180+1"]
[EndTime "8:56:12 PDT"]
[Termination "IvanMorovic won by resignation"]

1. e4 d6 2. d4 Nf6 3. Nc3 g6 4.
Nf3 Bg7 5. Be2 O-O 6. O-O Nc6 7. d5 Nb8 8. Bg5 h6 9. Be3 e5 10. dxe6 Bxe6 11. h3 Nc6 12. Nd4 Bd7 13. Qd2 Nxd4 14. Bxd4 Bc6 15. Bf3 Re8 16. Rfe1 Nd7 17. Bxg7 Kxg7 18.
Rad1 Qf6 19. Re3 a5 20. Rde1 Re5 21. Bg4 Rae8 22. Bxd7 Bxd7 23. Nd5 Qd8 24. f4 R5e6 25.
Qc3+ f6 26. Nxc7 Bc6 27. Nxe8+ Qxe8 28. f5 Re5 29. Qd4 Qe7 30. c4 g5 31. b3 h5 32. Rd1 d5 33. cxd5 Bxd5 34. exd5 Rxe3 35. d6 Re1+ 36. Kh2 Qe2 37. Rxe1 Qxe1 38. d7 h4 39.
d8=Q Qg3+ 40. Kh1 Qe1+ 41. Qg1 1-0

[Event "Early-Titled-Tuesday-Blitz-May-14-2024"]
[Site "Chess.com"]
[Date "2024.05.14"]
[Round "5"]
[White "Crazy_girl99"]
[Black "David_Arutinian"]
[Result "0-1"]
[WhiteElo "2649"]
[BlackElo "2839"]
[TimeControl "180+1"]
[EndTime "8:56:18 PDT"]
[Termination "David_Arutinian won by resignation"]

1. Nf3 Nf6 2. g3 b5 3. Bg2 Bb7 4. d4 e6 5. O-O c5 6. c3 Na6 7. h3 Be7 8. Be3 O-O 9. Nbd2 d5 10. Ne5 Rc8 11. f4 cxd4 12. cxd4 Nb4 13. Bf2 Ne4 14.
Nxe4 dxe4 15. a3 Nd5 16. Bxe4 Ne3 17. Bxh7+ Kxh7 18. Bxe3 Qd5 19. Nf3 Kg8 20. Qd3 Rc4 21. b3 Rc7 22. a4 b4 23. Rac1 Rfc8 24. Rxc7 Rxc7 25. Rc1 Rxc1+ 26. Bxc1 Qc6 27. Bd2 Ba6 28. Qe3 Qc2 29. Kf2 Bf8 30. Ne5 Qb1 31. g4 Qh1 32.
Qf3 Qd1 33. Be1 Qxd4+ 34. Kg2 Qd1 35. Kf2 Bc5+ 36. Kf1 Qd4 37. Bf2 Qd1+ 38. Be1 Bf8 39. f5 exf5 40. Qxf5 Qxe2+ 41. Kg1 Qxe1+ 42. Kh2 Qd2+ 43.
Kh1 Bb7+ 0-1

[Event "Early-Titled-Tuesday-Blitz-May-14-2024"]
[Site "Chess.com"]
[Date "2024.05.14"]
[Round "5"]
[White "maracayo"]
[Black "AnaKuchava"]
[Result "1-0"]
[WhiteElo "2371"]
[BlackElo "2196"]
[TimeControl "180+1"]
[EndTime "8:56:18 PDT"]
[Termination "maracayo won on time"]

1. e4 c5 2. Nf3 d6 3. d3 Nc6 4.
Nbd2 g6 5. h3 Nf6 6. c3 Bg7 7. Be2 O-O 8. O-O e6 9. Re1 Rb8 10. Nb3 b5 11. Bf1 a6 12. d4 c4 13. Nbd2 Bb7 14. a4 e5 15. axb5 axb5 16.
d5 Ne7 17. g3 Nd7 18. Bg2 Nc5 19. Nf1 f5 20. Ng5 h6 21. Ne6 Nxe6 22. dxe6 f4 23. Qg4 g5 24. h4 Ng6 25. h5 Ne7 26. Nh2 Qc8 27. Rd1 1-0

[Event "Early-Titled-Tuesday-Blitz-May-14-2024"]
[Site "Chess.com"]
[Date "2024.05.14"]
[Round "5"]
[White "djano"]
[Black "average_trans"]
[Result "1-0"]
[WhiteElo "2531"]
[BlackElo "2341"]
[TimeControl "180+1"]
[EndTime "8:56:19 PDT"]
[Termination "djano won by resignation"]

1. e4 e6 2. Qe2 c5 3. Nf3 Nc6 4. g3 Nd4 5. Nxd4 cxd4 6. Bg2 Bc5 7.
O-O Ne7 8. d3 Kf8 9. f4 d5 10.
Nd2 b6 11. Nb3 Bb7 12. Nxc5 bxc5 13. f5 Ke8 14. fxe6 fxe6 15. Qh5+ Kd7 16. Rf7 Qe8 17. Bg5 g6 18. Qf3 Rf8 19. Rf1 dxe4 20. dxe4 Rxf7 21. Qxf7 Qxf7 22. Rxf7 Re8 23. e5 Bd5 24. Rxh7 Bxa2 25. Be4 Bd5 26. Bxg6 Rg8 27. Rxe7+ Kc6 28. Be8+ Kb6 29. h4 c4 30. Bf7 Rc8 31. Bxe6 Be4 32. Bxc8 1-0

[Event "Early-Titled-Tuesday-Blitz-May-14-2024"]
[Site "Chess.com"]
[Date "2024.05.14"]
[Round "5"]
[White "Aslanov_Umid"]
[Black "Siemba"]
[Result "0-1"]
[WhiteElo "2620"]
[BlackElo "2499"]
[TimeControl "180+1"]
[EndTime "8:56:20 PDT"]
[Termination "Siemba won by resignation"]

1. e4 g6 2. d4 Bg7 3. Nc3 d6 4. Be3 a6 5. f3 b5 6. Qd2 Nd7 7. O-O-O Nb6 8. Bd3 Bb7 9. h4 h5 10. Nh3 Rc8 11. Ne2 c5 12. dxc5 dxc5 13. Bxc5 Bxb2+ 14. Kxb2 Rxc5 15. Kc1 Qc7 16. Ng5 Nf6 17. Nf4 O-O 18.
g4 hxg4 19. Nge6 fxe6 20. Nxe6 Qe5 21. Kb1 Qxe6 22. h5 Rxh5 23. fxg4 Rxh1 24. Rxh1 Bxe4 25.
Re1 Nc4 26. Qg5 Qd5 27. Qh6 Bxd3 28. Rxe7 Bxc2+ 29. Kxc2 Qg2+ 30. Kc3 Qb2+ 31. Kd3 Rd8+ 0-1

[Event "Early-Titled-Tuesday-Blitz-May-14-2024"]
[Site "Chess.com"]
[Date "2024.05.14"]
[Round "5"]
[White "Maria_Elayza"]
[Black "Journey_to_GrandMaster_YT"]
[Result "0-1"]
[WhiteElo "2269"]
[BlackElo "2557"]
[TimeControl "180+1"]
[EndTime "8:56:21 PDT"]
[Termination "Journey_to_GrandMaster_YT won by resignation"]

1. d4 d6 2. Bf4 Nf6 3. e3 Nbd7 4. Nf3 g6 5. Be2 Bg7 6. O-O O-O 7. c4 b6 8. Nc3 Bb7 9. h3 Ne4 10. Nxe4 Bxe4 11.
Bd3 Bb7 12. Rc1 e5 13. dxe5 dxe5 14. Bg5 f6 15. Bxg6 hxg6 16. Bh4 Nc5 17. Qc2 Be4 18. Qc3 Qd3 19. Qe1 Bxf3 20. gxf3 Qf5 21. Kg2 Nd3 22. Qd2 Nxc1 23. Rxc1 Rad8 24. Qb4 c5 25.
Qa4 Qd7 26. Qa3 Qb7 27. Qc3 e4 28. f4 Rd3 29. Qe1 Rfd8 30. Qg1 Kf7 31. Kh2 Qd7 32. Qg2 Qf5 33. Qf1 Rd2 34. b3 Qh5 35. Bg3 Qf3 36.
b4 Rb2 37. bxc5 bxc5 38. Rb1 Rdd2 39. Rxb2 Rxb2 40. Qc1 Rxa2 41. Qb1 Rxf2+ 42. Bxf2 Qxf2+ 43. Kh1 Qxe3 44. Qb7+ Kg8 45. Qd5+ Kh7 46. f5 Qf3+ 47. Kg1 Qxf5 48. Qd2 Bh6 49. Qc3 Qg5+ 50. Kh2 Qd2+ 0-1

[Event "Early-Titled-Tuesday-Blitz-May-14-2024"]
[Site "Chess.com"]
[Date "2024.05.14"]
[Round "5"]
[White "Casper"]
[Black "Sanyura"]
[Result "1-0"]
[WhiteElo "2510"]
[BlackElo "2634"]
[TimeControl "180+1"]
[EndTime "8:56:22 PDT"]
[Termination "Casper won by resignation"]

1. e4 c5 2. Ne2 Nc6 3. g3 g6 4. Bg2 Bg7 5. O-O e6 6. f4 d5 7. e5 Nge7 8. d3 h6 9. Nd2 g5 10. Nf3 gxf4 11. gxf4 Nf5 12. Ng3 Nh4 13. c3 b6 14. Nxh4 Qxh4 15. d4 cxd4 16. cxd4 Bd7 17. Be3 Rg8 18. Rc1 Bf8 19. a3 Na5 20. Rc7 Rc8 21.
Qc2 Nc4 22. Rxc8+ Bxc8 23. b3 Nxe3 24. Qxc8+ Qd8 25. Qc6+ Qd7 26. Qa8+ Ke7 27. Rc1 h5 28. Qb8 Bh6 29. Qxg8 Bxf4 30. Nxh5 Bh6 31. Nf6 Qb5 32. Rc7+ 1-0

[Event "Early-Titled-Tuesday-Blitz-May-14-2024"]
[Site "Chess.com"]
[Date "2024.05.14"]
[Round "5"]
[White "Let_it_be_1"]
[Black "emiliocordova"]
[Result "0-1"]
[WhiteElo "2628"]
[BlackElo "2897"]
[TimeControl "180+1"]
[EndTime "8:56:23 PDT"]
[Termination "emiliocordova won on time"]

1. e4 c5 2. Nf3 a6 3. c4 e6 4. d4 cxd4 5. Nxd4 Nf6 6. Nc3 Qc7 7. Be2 Bb4 8. Qd3 b6 9. Bd2 Bb7 10. Bf3 O-O 11. O-O Bd6 12. g3 Be5 13. Bg2 Nc6 14. Nxc6 dxc6 15. c5 Rad8 16. Qc2 b5 17. Be3 Bd4 18.
Bxd4 Rxd4 19. f4 e5 20. Ne2 Rc4 21. Qd2 Rxc5 22. Qe3 Qe7 23. Nc3 Rc4 24. b3 Ng4 25. Qf3 Qc5+ 26. Kh1 Nxh2 27. Kxh2 Rxc3 28. Qg4 Rc2 29.
f5 Bc8 30. Rad1 f6 31. Kh3 Rxa2 32. Bf3 Qe3 33. Rh1 Qh6+ 34. Qh5 Qxh5+ 35. Bxh5 g6 36. Bg4 h5 37. Bf3 Kg7 38. Rd6 Rc2 39. Kh4 Rc3 0-1

[Event "Early-Titled-Tuesday-Blitz-May-14-2024"]
[Site "Chess.com"]
[Date "2024.05.14"]
[Round "5"]
[White "twitchTriniCupid"]
[Black "HeroWilczek"]
[Result "0-1"]
[WhiteElo "2413"]
[BlackElo "2548"]
[TimeControl "180+1"]
[EndTime "8:56:23 PDT"]
[Termination "HeroWilczek won by resignation"]

1. d4 d5 2. c4 e5 3. dxe5 d4 4. Nf3 Nc6 5. g3 Nge7 6. Bg2 Ng6 7. O-O Ngxe5 8. b3 Bc5 9. Bb2 O-O 10. a3 a5 11. Nbd2 Re8 12. Ne4 Ba7 13. Rc1 Bf5 14.
Nxe5 Nxe5 15. c5 Nc6 16. Nd2 Qe7 17. b4 axb4 18. axb4 Nxb4 19. Bxd4 Qxe2 20. Bxb7 Rad8 21. Nb3 Qxd1 22. Rfxd1 Bc2 23. Rxc2 Nxc2 24. Bc6 Re6 25.
Bf3 Nxd4 26. Nxd4 Rf6 27. Kg2 Bxc5 0-1

[Event "Early-Titled-Tuesday-Blitz-May-14-2024"]
[Site "Chess.com"]
[Date "2024.05.14"]
[Round "5"]
[White "Pomegranate988"]
[Black "kleinebeer98"]
[Result "1-0"]
[WhiteElo "2656"]
[BlackElo "2956"]
[TimeControl "180+1"]
[EndTime "8:56:27 PDT"]
[Termination "Pomegranate988 won by resignation"]

1. Nf3 g5 2. Nxg5 e5 3. d3 Nc6 4. c4 Nf6 5. Nc3 Rg8 6. g3 d5 7. cxd5 Nxd5 8. h4 Bg4 9. Bg2 Nb6 10. Nxh7 Be7 11. Ng5 Qd7 12. a4 a5 13. Be3 O-O-O 14. Nxf7 Rdf8 15. Nh6 Kb8 16. Nxg8 Rxg8 17. Qb3 Be6 18.
Qb5 Bb4 19. Rc1 Qd8 20. Kf1 Nd4 21. Qxe5 Nxe2 22. Nxe2 Bg4 23. Qe4 Bxe2+ 24. Kxe2 c6 25. Qd4 Nd5 26. Bxd5 Re8 27. Qa7+ Kc8 28. Be4 Qd7 29.
Qa8+ Kc7 30. Bf4+ Kb6 31. Be3+ Kc7 32. Qa7 Qg4+ 33. Bf3 Qd7 34. Rxc6+ Kd8 35. Rc4 Re6 36. Qa8+ Ke7 37. Qxb7 1-0

[Event "Early-Titled-Tuesday-Blitz-May-14-2024"]
[Site "Chess.com"]
[Date "2024.05.14"]
[Round "5"]
[White "PattyCastillo"]
[Black "jbking07"]
[Result "0-1"]
[WhiteElo "2065"]
[BlackElo "2379"]
[TimeControl "180+1"]
[EndTime "8:56:27 PDT"]
[Termination "jbking07 won on time"]

1. d4 d5 2. Nf3 Nf6 3. e3 c5 4. Bd3 c4 5. Be2 Bf5 6. b3 cxb3 7. axb3 Nc6 8. c4 e6 9. O-O Bd6 10. Bd3 Bxd3 11. Qxd3 O-O 12. Ba3 Nb4 13. Qd2 Ne4 14. Qd1 Nc6 15. Bxd6 Qxd6 16. c5 Qc7 17. Nbd2 Nf6 18. Qb1 a5 19. Rc1 Rfd8 20. Qd3 e5 21.
dxe5 Nxe5 22. Nxe5 Qxe5 23. Nf3 Qh5 24. h3 h6 25. Nd4 Ne4 26. c6 bxc6 0-1

[Event "Early-Titled-Tuesday-Blitz-May-14-2024"]
[Site "Chess.com"]
[Date "2024.05.14"]
[Round "5"]
[White "SanchezKelvin"]
[Black "Louis-Paulsen-Fan"]
[Result "0-1"]
[WhiteElo "2596"]
[BlackElo "2339"]
[TimeControl "180+1"]
[EndTime "8:56:28 PDT"]
[Termination "Louis-Paulsen-Fan won by resignation"]

1. d4 d5 2. c4 e6 3. Nc3 c5 4. e3 Nc6 5. Nf3 Nf6 6. dxc5 Bxc5 7. a3 a6 8. b4 Ba7 9. cxd5 exd5 10. Bb2 O-O 11.
Be2 Bg4 12. O-O Rc8 13. Na4 b5 14. Nc5 Bxc5 15. bxc5 Na5 16. Bd4 Nc4 17. a4 Ne4 18.
axb5 axb5 19. Ra7 Nxc5 20. Bxc5 Rxc5 21. Nd4 Bxe2 22. Qxe2 Qb6 23. Rfa1 b4 24. Nb3 Rc7 25. Ra8 Rcc8 26. R8a7 Na3 27. Rd7 Qc6 28. Qg4 h5 29. Qf5 Qc3 30. Qxd5 Nc4 31. Rb1 Nb6 32. Qd1 Nxd7 33.
Qxd7 Qxb3 0-1

[Event "Early-Titled-Tuesday-Blitz-May-14-2024"]
[Site "Chess.com"]
[Date "2024.05.14"]
[Round "5"]
[White "Acva-Alenok"]
[Black "VirtualCoach"]
[Result "1-0"]
[WhiteElo "2364"]
[BlackElo "2185"]
[TimeControl "180+1"]
[EndTime "8:56:29 PDT"]
[Termination "Acva-Alenok won by resignation"]

1. d4 Nf6 2. c4 e6 3. Nf3 d5 4. g3 Bb4+ 5. Bd2 Bd6 6. Qc2 c6 7. Bg2 Nbd7 8. O-O O-O 9. Rd1 Re8 10.
Bf4 Qc7 11. Bxd6 Qxd6 12. Nc3 Qe7 13. e4 dxe4 14. Nxe4 h6 15. Ne5 Nxe5 16. dxe5 Ng4 17. Nd6 Rd8 18. Qe2 f5 19. h3 Nf6 20. exf6 gxf6 21. c5 Bd7 22. Nxb7 Rdb8 23. Na5 Rb4 24.
Bxc6 Bc8 25. Bxa8 1-0

[Event "Early-Titled-Tuesday-Blitz-May-14-2024"]
[Site "Chess.com"]
[Date "2024.05.14"]
[Round "5"]
[White "margarita_2703"]
[Black "PonyQueen07"]
[Result "1-0"]
[WhiteElo "2348"]
[BlackElo "2122"]
[TimeControl "180+1"]
[EndTime "8:56:29 PDT"]
[Termination "margarita_2703 won on time"]

1. e4 c5 2. Nf3 Nc6 3. c3 Nf6 4. e5 Nd5 5. d4 cxd4 6. cxd4 d6 7. Bc4 Nb6 8. Bb5 dxe5 9. Nxe5 Bd7 10. Nxd7 Qxd7 11.
O-O e6 12. Be3 Bd6 13. Nc3 O-O 14. Rc1 Rac8 15. a3 Nd5 16. Nxd5 exd5 17. b4 a6 18. Bd3 Ne7 19. Qh5 Ng6 20. g3 Be7 21. h4 Rxc1 22. Rxc1 Rc8 23. Rc5 Bxc5 24. dxc5 Re8 25. Bd4 Qh3 26. Bc3 Qe6 27. Qf3 Ne5 28. Bxe5 Qxe5 29. Qg4 d4 30. Qd7 g6 31. Qxb7 Qe1+ 32. Kg2 Qd2 33. Qxa6 Qc3 34. c6 1-0

[Event "Early-Titled-Tuesday-Blitz-May-14-2024"]
[Site "Chess.com"]
[Date "2024.05.14"]
[Round "5"]
[White "Zq1"]
[Black "Eliwood44"]
[Result "1-0"]
[WhiteElo "2621"]
[BlackElo "2456"]
[TimeControl "180+1"]
[EndTime "8:56:31 PDT"]
[Termination "Zq1 won by resignation"]

1. d4 Nf6 2. c4 e6 3. g3 Bb4+ 4. Nd2 d5 5. Bg2 O-O 6. Nf3 c6 7. O-O Nbd7 8. Qc2 Bd6 9. b3 Re8 10. Bb2 a5 11. a3 Qe7 12. Rfe1 e5 13. cxd5 cxd5 14. dxe5 Nxe5 15. Nxe5 Bxe5 16. Bxe5 Qxe5 17. Nf3 Qe4 18. Qb2 Bd7 19. Rad1 Rac8 20. Nd4 Qe5 21. e3 Bg4 22. Rc1 h5 23. Rxc8 Rxc8 24. Rc1 Rxc1+ 25. Qxc1 h4 26. h3 hxg3 27. hxg4 gxf2+ 28. Kxf2 Nxg4+ 29. Ke2 Qg3 30. Qg1 Nxe3 31. Qxe3 Qxg2+ 32. Qf2 Qe4+ 33. Kd2 Qb1 34. Qe3 Qb2+ 35. Nc2 g6 36. Qc3 Qa2 37. Qc8+ Kg7 38. Qxb7 Qb1 39. Qxd5 f6 40. Qd7+ Kh6 41. Qe6 f5 42. a4 Qg1 43.
Qe3+ Qxe3+ 44. Kxe3 g5 45. b4 axb4 46. Nxb4 Kh5 47. a5 g4 48. Kf4 Kh4 49. Nd3 g3 50. Ne1 1-0

[Event "Early-Titled-Tuesday-Blitz-May-14-2024"]
[Site "Chess.com"]
[Date "2024.05.14"]
[Round "5"]
[White "hikaruchija"]
[Black "ReinisUz"]
[Result "1-0"]
[WhiteElo "2598"]
[BlackElo "2426"]
[TimeControl "180+1"]
[EndTime "8:56:31 PDT"]
[Termination "hikaruchija won by checkmate"]

1. e4 e5 2. Nf3 Nc6 3. Bc4 Bc5 4. c3 Nf6 5. d3 O-O 6. Bb3 a6 7. Nbd2 h6 8. Nf1 d6 9. h3 Re8 10. g4 Be6 11. g5 hxg5 12. Bxg5 b5 13. Rg1 Kf8 14. Ng3 Qd7 15. Bxf6 gxf6 16. Nh4 d5 17. Qf3 dxe4 18. dxe4 Bxb3 19. axb3 Ne7 20. Qxf6 Qxh3 21.
Ngf5 Nxf5 22. Nxf5 Qh7 23. O-O-O Re6 24. Rd8+ Rxd8 25. Qxd8+ Re8 26. Qxc7 Be7 27. Kb1 Qh2 28. Rd1 Qh5 29. Rd7 Bg5 30. Ka2 Kg8 31. Nd6 Rf8 32.
Nf5 Qf3 33. Qxe5 Qxf2 34. Qg7# 1-0

[Event "Early-Titled-Tuesday-Blitz-May-14-2024"]
[Site "Chess.com"]
[Date "2024.05.14"]
[Round "5"]
[White "Escudito"]
[Black "campochess"]
[Result "1-0"]
[WhiteElo "2345"]
[BlackElo "2108"]
[TimeControl "180+1"]
[EndTime "8:56:31 PDT"]
[Termination "Escudito won by resignation"]

1. d4 Nf6 2. c4 g6 3. Nc3 d5 4.
Nf3 Bg7 5. cxd5 Nxd5 6. h4 h6 7.
g3 Nxc3 8. bxc3 c6 9. Bg2 Nd7 10. O-O O-O 11. a4 a5 12. Rb1 Re8 13. Bf4 Nb6 14. Qc1 Kh7 15. Qc2 Bf5 16. e4 Bc8 17. h5 Nc4 18. hxg6+ fxg6 19. Qe2 b5 20. Rfd1 Ba6 21.
axb5 cxb5 22. e5 Ra7 23. Qe4 Qa8 24. d5 e6 25. Nh4 exd5 26. Qxg6+ Kh8 27. Bxd5 Qc8 28.
Qe4 Qg4 29. Ng6+ Kh7 30. Nf8+ 1-0

[Event "Early-Titled-Tuesday-Blitz-May-14-2024"]
[Site "Chess.com"]
[Date "2024.05.14"]
[Round "5"]
[White "Renatoforf"]
[Black "noblerone"]
[Result "0-1"]
[WhiteElo "1946"]
[BlackElo "2503"]
[TimeControl "180+1"]
[EndTime "8:56:32 PDT"]
[Termination "noblerone won by resignation"]

1. e4 c5 2. d4 cxd4 3. c3 Nf6 4. e5 Nd5 5. Nf3 e6 6. cxd4 d6 7. Bc4 Be7 8. O-O O-O 9. Nbd2 dxe5 10. Nxe5 Nd7 11.
Ndf3 N7f6 12. Re1 Bd7 13. Bg5 Rc8 14. Rc1 Bc6 15. Nxc6 Rxc6 16. Ne5 Rc8 17. Bb3 h6 18. Bh4 Qa5 19. Rxc8 Rxc8 20. Qe2 Qb4 21. Nxf7 Nf4 22. Qe3 Ng4 23. Qe4 Bxh4 24. g3 Nf6 25. Qxf4 Qxe1+ 26. Kg2 Qe4+ 27. Qxe4 Nxe4 28. Bxe6 Re8 0-1

[Event "Early-Titled-Tuesday-Blitz-May-14-2024"]
[Site "Chess.com"]
[Date "2024.05.14"]
[Round "5"]
[White "lucasmito"]
[Black "ChristopherYoo"]
[Result "0-1"]
[WhiteElo "2733"]
[BlackElo "2995"]
[TimeControl "180+1"]
[EndTime "8:56:33 PDT"]
[Termination "ChristopherYoo won by checkmate"]

1. e4 e5 2. Nf3 Nc6 3. Bb5 a6 4. Bxc6 dxc6 5. O-O Bg4 6. h3 h5 7. d3 Qf6 8. Nbd2 g5 9. b3 Bg7 10. Bb2 Ne7 11. Re1 Qh6 12. Nf1 Bxf3 13. Qxf3 g4 14. Qe3 Qg6 15. h4 f5 16. exf5 Nxf5 17. Qe4 O-O-O 18.
g3 Qf7 19. Ne3 Nd6 20. Qa4 Rhf8 21. Re2 e4 22. Bxg7 Qxg7 23. Rd1 Nb5 24. Qxe4 Nc3 25. Qe6+ Kb8 26. Rde1 Nxe2+ 27. Rxe2 Rde8 28. Qc4 Qf6 29. d4 Rxe3 30. fxe3 Qf1+ 31. Kh2 Qh3+ 32. Kg1 Rf1# 0-1

[Event "Early-Titled-Tuesday-Blitz-May-14-2024"]
[Site "Chess.com"]
[Date "2024.05.14"]
[Round "5"]
[White "Larina_Maria"]
[Black "manmanlai1"]
[Result "0-1"]
[WhiteElo "2391"]
[BlackElo "2593"]
[TimeControl "180+1"]
[EndTime "8:56:33 PDT"]
[Termination "manmanlai1 won by checkmate"]

1. e4 c5 2. Nc3 e6 3. Nf3 a6 4. g3 b5 5. Bg2 Bb7 6. d3 Qc7 7. O-O Nc6 8. Re1 d6 9. d4 cxd4 10.
Nxd4 Be7 11. Nd5 exd5 12. exd5 Nxd4 13. Qxd4 Nf6 14. Bg5 O-O 15. Re2 h6 16. Rae1 Rae8 17. Bf4 Bd8 18. Qb4 Rxe2 19. Rxe2 Be7 20. Qd4 Rd8 21.
h3 Bc8 22. g4 Re8 23. Bf3 Bf8 24. Rxe8 Nxe8 25. c3 Be7 26. Qe3 Nf6 27. Bxh6 gxh6 28.
Qxh6 Qc4 29. g5 Qf4 30. Be2 Ne4 31. f3 Qg3+ 32. Kh1 Nf2# 0-1

[Event "Early-Titled-Tuesday-Blitz-May-14-2024"]
[Site "Chess.com"]
[Date "2024.05.14"]
[Round "5"]
[White "gilbert_gm"]
[Black "HowTo2Draw"]
[Result "1/2-1/2"]
[WhiteElo "2900"]
[BlackElo "2549"]
[TimeControl "180+1"]
[EndTime "8:56:34 PDT"]
[Termination "Game drawn by agreement"]

1. e4 c6 2. Nf3 d5 3. d3 dxe4 4. dxe4 Qxd1+ 5. Kxd1 f6 6. Bc4 e5 7. Be3 Bg4 8. Nd2 Nd7 9. h3 Bh5 10. Ke2 Bc5 11. a4 Ne7 12. Rhd1 Bxe3 13. Kxe3 Nb6 14. Bb3 a5 15. Nc4 Nxc4+ 16. Bxc4 Rd8 17. g4 Bg6 18. Nh4 Nc8 19. Nf5 Bxf5 20. gxf5 Rxd1 21. Rxd1 g5 22. Be6 Nb6 23. c4 h5 24. b3 Rh7 25. h4 gxh4 26. f4 exf4+ 27. Kxf4 Nd7 28. Bxd7+ Rxd7 29. Rxd7 Kxd7 30.
c5 Ke7 31. Kf3 Kf7 32. Kg2 Kg7 33. Kh3 Kh7 1/2-1/2

[Event "Early-Titled-Tuesday-Blitz-May-14-2024"]
[Site "Chess.com"]
[Date "2024.05.14"]
[Round "5"]
[White "mostafa_sakha"]
[Black "jraosam"]
[Result "1/2-1/2"]
[WhiteElo "2334"]
[BlackElo "2056"]
[TimeControl "180+1"]
[EndTime "8:56:40 PDT"]
[Termination "Game drawn by repetition"]

1. d4 d5 2. c4 e6 3. Nc3 Nf6 4.
cxd5 exd5 5. Bg5 c6 6. e3 Be7 7.
Bd3 O-O 8. Nge2 Nbd7 9. Qc2 h6 10. Bh4 Re8 11. O-O-O Nf8 12. Kb1 Nh5 13. Bxe7 Qxe7 14.
Ng3 Nxg3 15. hxg3 Bd7 16. Bf5 Bxf5 17. Qxf5 Qe6 18. g4 Rad8 19. Qf3 Qg6+ 20. Ka1 Ne6 21. Rh5 Ng5 22. Qf4 Ne4 23. Nxe4 Qxe4 24. Qg3 Re6 25. g5 Rg6 26. Qc7 Rf8 27. gxh6 Qg4 28. Rdh1 Qxg2 29. a3 gxh6 30. Rxh6 Rxh6 31. Rxh6 Qf1+ 32.
Ka2 Qc4+ 33. Ka1 Qc1+ 34. Ka2 Qc4+ 35. Ka1 Qc1+ 36. Ka2 Qc4+ 1/2-1/2

[Event "Early-Titled-Tuesday-Blitz-May-14-2024"]
[Site "Chess.com"]
[Date "2024.05.14"]
[Round "5"]
[White "Ural_bogatyr"]
[Black "chess_sharparchitect"]
[Result "0-1"]
[WhiteElo "2550"]
[BlackElo "2330"]
[TimeControl "180+1"]
[EndTime "8:56:45 PDT"]
[Termination "chess_sharparchitect won by resignation"]

1. d4 Nf6 2. Nc3 d5 3. Bf4 Bf5 4. e3 c6 5. f3 e6 6. g4 Bg6 7. h4 h5 8. g5 Ng8 9. Bd3 Bxd3 10. Qxd3 g6 11. Be5 Rh7 12. Nge2 Bd6 13. O-O-O Bxe5 14. dxe5 Nd7 15. f4 Ne7 16. e4 Nc5 17. Qe3 Qb6 18.
Nd4 O-O-O 19. Rhe1 Rhh8 20. exd5 Nxd5 21. Qf3 Nxc3 22.
Qxc3 Na4 23. Qb3 Rxd4 24. Rxd4 Qxd4 25. Rd1 Qxf4+ 26. Kb1 Nb6 27. Qa3 Qxe5 28. Qxa7 Qc7 0-1

[Event "Early-Titled-Tuesday-Blitz-May-14-2024"]
[Site "Chess.com"]
[Date "2024.05.14"]
[Round "5"]
[White "mistrzemi"]
[Black "Alexchess1984"]
[Result "0-1"]
[WhiteElo "2427"]
[BlackElo "2680"]
[TimeControl "180+1"]
[EndTime "8:56:45 PDT"]
[Termination "Alexchess1984 won by checkmate"]

1. e4 c5 2. Nf3 Nc6 3. Bb5 g5 4. Bxc6 dxc6 5. d3 h6 6. Nc3 b6 7. Be3 Qc7 8. a4 a5 9. Nd2 e5 10. Nc4 Ne7 11. h4 g4 12. Qd2 h5 13. f4 gxf3 14. gxf3 Ng6 15. Bg5 Be6 16. Ne3 Be7 17. Nf5 Bxf5 18. exf5 Bxg5 19. Qxg5 Nf4 20. Ne4 Qe7 21.
O-O-O Qxg5 22. hxg5 Ke7 23. Kd2 h4 24. Rdg1 h3 25. Ke3 Rag8 26. Nf6 Ng2+ 27. Ke4 Rxg5 28.
Kxe5 Rh6 29. Ng4 Re6# 0-1

[Event "Early-Titled-Tuesday-Blitz-May-14-2024"]
[Site "Chess.com"]
[Date "2024.05.14"]
[Round "5"]
[White "ulises2013"]
[Black "only_strong_moves"]
[Result "1-0"]
[WhiteElo "2918"]
[BlackElo "2710"]
[TimeControl "180+1"]
[EndTime "8:56:48 PDT"]
[Termination "ulises2013 won by resignation"]

1. e4 e5 2. g3 Nc6 3. Bg2 Nf6 4.
Ne2 Bc5 5. O-O O-O 6. c3 d6 7. d4 Bb6 8. h3 Re8 9. Qd3 d5 10. exd5 e4 11. Qd1 Nxd5 12. c4 Nf6 13. c5 Ba5 14. a3 Be6 15. b4 Bxb4 16. axb4 Nxb4 17. Nbc3 Bc4 18. Be3 c6 19. Qd2 a5 20.
Rfb1 Bd3 21. Rb2 Qd7 22. Nf4 Bc4 23. Na4 Nfd5 24. Nxd5 Nxd5 25. Nb6 Nxb6 26. Rxb6 a4 27. Qb4 Bb5 28. Ra3 Ra6 29. h4 Rxb6 30. cxb6 Qe7 31. Qxe7 Rxe7 32. Bf1 Re6 33. d5 Rd6 34. dxc6 Bxc6 35. Ra1 h6 36. Be2 f5 37. Bd1 a3 38.
Bb3+ Kh7 39. Rxa3 Rd3 40. Bc5 Rc3 41. Bg8+ Kxg8 42. Rxc3 1-0

[Event "Early-Titled-Tuesday-Blitz-May-14-2024"]
[Site "Chess.com"]
[Date "2024.05.14"]
[Round "5"]
[White "Kotofeyca"]
[Black "Nikita_Klepikov"]
[Result "1-0"]
[WhiteElo "2505"]
[BlackElo "2316"]
[TimeControl "180+1"]
[EndTime "8:56:48 PDT"]
[Termination "Kotofeyca won on time"]

1. d4 Nf6 2. c4 d6 3. Nc3 e5 4. Nf3 Nbd7 5. e4 g6 6. g3 Bg7 7. Bg2 O-O 8. O-O Re8 9. d5 a5 10. h3 Nc5 11. Qc2 h6 12. Be3 b6 13. a3 Ba6 14.
Nd2 Nh7 15. b4 Nd7 16. bxa5 bxa5 17. Na4 Qc8 18. Nb3 c5 19. Nxa5 Qc7 20. Bd2 Bc8 21.
Nc6 f5 22. Nc3 Ndf6 23. Nb5 Qd7 24. exf5 gxf5 25. f4 e4 26. Bc3 Bb7 27. Rfd1 Nf8 28. Qb2 Nh5 29. Kh2 1-0

[Event "Early-Titled-Tuesday-Blitz-May-14-2024"]
[Site "Chess.com"]
[Date "2024.05.14"]
[Round "5"]
[White "Art10ECHR"]
[Black "Alphafischer2019"]
[Result "0-1"]
[WhiteElo "2499"]
[BlackElo "2667"]
[TimeControl "180+1"]
[EndTime "8:56:50 PDT"]
[Termination "Alphafischer2019 won by resignation"]

1. d4 Nf6 2. c4 b6 3. Nc3 Bb7 4. a3 e6 5. d5 e5 6. Nf3 d6 7. e4 g6 8. Be2 Bg7 9. O-O O-O 10. Ne1 a5 11. Be3 Nbd7 12. b4 h6 13. Nd3 Qe7 14. Qc2 Rfc8 15. c5 bxc5 16. bxc5 Ba6 17.
c6 Nf8 18. f3 N6h7 19. Nf2 Bxe2 20. Qxe2 f5 21. Rfb1 Nf6 22. Rb7 N8h7 23. Nb5 Ng5 24.
Bb6 Ne8 25. Rb1 Nf7 26. a4 Nd8 27. Na7 Rcb8 28. Bxa5 Nxb7 29. Rxb7 h5 30. exf5 gxf5 31. Qb5 Rc8 32. Qb1 Qf7 33. Bd2 Qxd5 34. Qc2 Nf6 35. Nb5 Ra6 36. Rxc7 Rxc7 37. Nxc7 Rxc6 38. Nxd5 Rxc2 39.
Nxf6+ Bxf6 40. Bb4 Rc1+ 0-1

[Event "Early-Titled-Tuesday-Blitz-May-14-2024"]
[Site "Chess.com"]
[Date "2024.05.14"]
[Round "5"]
[White "xasid81"]
[Black "Khromkin"]
[Result "1-0"]
[WhiteElo "2594"]
[BlackElo "2392"]
[TimeControl "180+1"]
[EndTime "8:56:50 PDT"]
[Termination "xasid81 won on time"]

1. Nf3 c5 2. g3 Nc6 3. Bg2 g6 4. O-O Bg7 5. c3 d6 6. d4 cxd4 7. cxd4 Bg4 8. d5 Bxf3 9. Bxf3 Ne5 10. Bg2 h5 11. h4 Nh6 12. Nc3 O-O 13. e4 Rc8 14.
Be3 Nc4 15. Bc1 Ng4 16. Qe2 Nxb2 17. Bxb2 Bxc3 18. Bh3 Bxb2 19. Qxb2 Rc7 20. Bxg4 hxg4 21. Qe2 Qc8 22. Qe3 a6 23. Qh6 Rc4 24. h5 Qe8 25. Kg2 Rxe4 26. hxg6 fxg6 27. Rh1 Kf7 28. Rae1 Rxe1 29. Qh7+ Kf6 30. Rxe1 Rh8 31. Re6+ 1-0